Map: Lerilak Crest

Players

EviLAcE - Winner!

  • Race: Zerg Zerg
  • League: Platinum

Toons

  • Race: Protoss Protoss
  • League: Gold

VOD

Have the link to the VOD?

Description

Time

  • Played on: Jan. 30, 2016, 10:21 p.m.
  • Length: 15:16
Show
View Real Time Build Order
Export as new Build Order

EviLAcE Zerg - Winner!

Build Orders: 3 Hatch before Pool, Lurkers 

Get SALT Encoding   

  12  0:01  Drone  
  13  0:12  Overlord  
  13  0:22  Drone  
  14  0:30  Drone x2  
  16  0:47  Drone x2  
  18  0:59  Hatchery  
  18  1:01  Drone  
  18  1:11  Drone  
  19  1:24  Hatchery  
  18  1:35  Spawning Pool  
  18  1:37  Extractor  
  18  1:39  Drone  
  17  1:43  Drone  
  17  1:45  Drone  
  19  1:54  Drone  
  20  2:22  Zergling x6  
  23  2:24  Queen x2  
  23  2:25  Zergling x2  
  28  2:38  Metabolic Boost  
  28  2:42  Queen  
  30  2:54  Roach Warren  
  30  2:57  Drone  
  30  2:58  Drone x2  
  32  3:11  Drone x2  
  33  3:15  Overlord  
  33  3:24  Drone  
  31  3:46  Roach x5  
  41  3:56  Extractor  
  41  3:57  Drone  
  41  3:58  Overlord x2  
  41  3:59  Overlord x2  
  41  4:11  Overlord  
  41  4:16  Queen  
  43  4:19  Drone  
  43  4:20  Drone x2  
  46  4:30  Ravager  
  47  4:39  Drone x3  
  47  4:41  Drone x5  
  53  4:50  Spore Crawler  
  51  4:53  Spore Crawler  
  50  5:05  Roach  
  50  5:26  Roach x5  
  56  5:29  Drone  
  56  5:30  Drone  
  58  5:37  Drone  
  58  5:38  Drone x3  
  62  5:45  Ravager x2  
  62  5:47  Drone  
  62  5:48  Drone x3  
  68  5:59  Drone x5  
  68  6:04  Ravager  
  74  6:08  Extractor  
  74  6:10  Drone  
  74  6:11  Drone x4, Extractor  
  78  6:13  Drone  
  78  6:33  Evolution Chamber  
  78  6:36  Roach  
  78  6:37  Roach  
  78  6:38  Overlord x3  
  81  6:46  Evolution Chamber  
  80  6:59  Drone  
  80  7:00  Drone x6  
  87  7:01  Overlord  
  87  7:02  Overlord  
  87  7:08  Roach x7  
  101  7:17  Zerg Ground Armor Level 1, Zerg Missile Weapons Level 1  
  101  7:21  Ravager  
  102  7:30  Roach x5  
  102  7:35  Drone  
  102  7:36  Drone x2  
  102  7:37  Extractor  
  114  7:50  Hatchery  
  113  7:51  Drone  
  113  7:54  Zergling x16  
  113  7:56  Overlord x2  
  113  7:57  Overlord x2  
  122  8:03  Lair  
  122  8:09  Pneumatized Carapace  
  122  8:24  Roach x4  
  122  8:25  Roach x6  
  105  8:45  Roach  
  105  8:46  Roach x10  
  122  8:53  Ravager x2  
  122  8:54  Ravager  
  125  8:57  Extractor  
  124  9:05  Drone  
  124  9:06  Drone x5  
  130  9:28  Ravager x4  
  130  9:29  Ravager x2  
  136  9:39  Extractor  
  136  9:40  Spore Crawler, Roach x6  
  136  9:41  Zergling x2, Roach x2  
  136  9:42  Zergling x2, Extractor  
  136  9:43  Zergling x2  
  136  9:44  Spore Crawler, Overlord x5  
  150  9:46  Spore Crawler  
  143  10:09  Drone x3  
  140  10:21  Zerg Missile Weapons Level 2  
  140  10:22  Zerg Ground Armor Level 2  
  140  10:24  Hydralisk Den  
  139  10:39  Queen  
  139  10:42  Overlord  
  141  10:45  Glial Reconstitution  
  141  10:54  Drone  
  141  10:55  Drone x2  
  141  10:57  Hydralisk x6, Muscular Augments  
  144  10:58  Hydralisk x6  
  168  11:12  Overseer  
  168  11:14  Overseer x2  
  168  11:18  Hydralisk x4  
  175  11:30  Hydralisk  
  175  11:31  Hydralisk x4  
  179  11:45  Hydralisk  
  179  11:46  Hydralisk x5  
  112  12:09  Infestation Pit  
  111  12:25  Roach  
  111  12:26  Roach x14  
  111  12:29  Overseer  
  141  12:33  Zergling x4  
  143  12:37  Lurker Den  
  143  12:46  Extractor  
  142  12:54  Overseer  
  142  12:56  Overlord x3  
  142  12:59  Hive  
  142  13:00  Tunneling Claws  
  142  13:18  Burrow  
  142  13:23  Roach x8  
  158  13:27  Drone  
  159  13:49  Roach x10  
  179  14:04  Roach x7  
  179  14:07  Hydralisk  
  195  14:19  Drone  
  195  14:20  Drone  
  183  14:31  Hydralisk  
  183  14:32  Hydralisk x3  
  191  14:40  Lurker x4  
  191  14:41  Lurker  
  191  14:45  Hatchery  
Show
View Real Time Build Order
Export as new Build Order

Toons Protoss 

Build Orders: Oracle Opening 

Get SALT Encoding   

  12  0:02  Probe (Chrono Boost)  
  13  0:13  Probe (Chrono Boost)  
  14  0:20  Pylon  
  14  0:24  Probe (Chrono Boost)  
  15  0:39  Probe (Chrono Boost)  
  16  0:43  Gateway  
  16  0:49  Probe (Chrono Boost)  
  17  0:51  Assimilator  
  17  1:00  Probe (Chrono Boost)  
  18  1:09  Pylon  
  18  1:12  Probe (Chrono Boost)  
  19  1:23  Probe (Chrono Boost)  
  20  1:30  Cybernetics Core  
  20  1:38  Zealot  
  20  1:39  Probe (Chrono Boost)  
  23  1:50  Probe (Chrono Boost)  
  24  2:03  Nexus  
  24  2:06  Probe (Chrono Boost)  
  25  2:09  Warp Gate  
  25  2:17  Probe (Chrono Boost)  
  25  2:20  Pylon  
  26  2:24  Assimilator  
  26  2:28  Probe (Chrono Boost)  
  27  2:32  Adept  
  29  2:43  Probe (Chrono Boost)  
  30  2:52  Stargate  
  30  2:55  Probe (Chrono Boost)  
  31  3:00  Pylon  
  31  3:07  Adept  
  33  3:16  Mothership Core (Chrono Boost)  
  35  3:23  Gateway  
  35  3:24  Probe (Chrono Boost)  
  36  3:34  Probe x2 (Chrono Boost)  
  38  3:43  Forge  
  38  3:44  Probe (Chrono Boost)  
  38  3:46  Oracle (Chrono Boost)  
  43  3:55  Probe (Chrono Boost)  
  43  4:04  Gateway  
  43  4:07  Gateway  
  43  4:11  Probe  
  43  4:13  Probe  
  45  4:19  Oracle (Chrono Boost)  
  48  4:31  Probe  
  48  4:32  Probe  
  50  4:43  Probe  
  50  4:45  Probe  
  52  4:50  Oracle (Chrono Boost)  
  55  4:53  Probe  
  55  4:57  Probe  
  57  5:01  Stalker x2  
  60  5:09  Pylon  
  60  5:10  Stalker x2  
  59  5:24  Stalker  
  61  5:31  Pylon  
  61  5:34  Assimilator x2, Probe  
  61  5:35  Probe  
  63  5:55  Oracle (Chrono Boost)  
  63  5:57  Stalker  
  63  5:59  Probe, Zealot x3  
  63  6:01  Probe  
  73  6:17  Probe, Protoss Ground Weapons Level 1  
  74  6:18  Probe  
  74  6:21  Pylon  
  74  6:22  Pylon  
  74  6:25  Photon Cannon  
  75  6:36  Probe  
  75  6:37  Probe  
  77  6:40  Stalker x4  
  85  6:48  Stargate  
  85  6:49  Photon Cannon x2  
  85  6:55  Void Ray (Chrono Boost)  
  89  7:08  Probe  
  89  7:09  Nexus  
  90  7:18  Pylon  
  90  7:20  Pylon  
  90  7:28  Stalker  
  90  7:29  Stalker  
  90  7:32  Void Ray (Chrono Boost)  
  94  7:43  Photon Cannon  
  94  7:58  Stalker x3  
  94  7:59  Stalker  
  106  8:06  Void Ray (Chrono Boost)  
  106  8:12  Protoss Ground Armor Level 1  
  106  8:30  Probe, Adept x3  
  106  8:31  Adept  
  106  8:32  Probe  
  116  8:38  Void Ray (Chrono Boost)  
  120  8:54  Stalker x2  
  124  9:03  Pylon  
  124  9:04  Pylon  
  124  9:05  Pylon  
  124  9:06  Pylon  
  124  9:08  Pylon  
  124  9:10  Photon Cannon  
  124  9:30  Protoss Air Weapons Level 1  
  124  9:37  Stalker x2  
  124  9:38  Stalker x2  
  132  9:57  Void Ray (Chrono Boost)  
  140  10:03  Void Ray (Chrono Boost)  
  128  10:21  Probe, Stalker x4  
  130  10:23  Probe  
  138  10:40  Void Ray (Chrono Boost)  
  142  10:42  Protoss Shields Level 1  
  142  10:47  Probe  
  142  10:48  Probe  
  148  10:50  Assimilator  
  148  10:51  Void Ray (Chrono Boost)  
  148  10:55  Assimilator  
  148  11:33  Stalker x4  
  128  11:52  Oracle (Chrono Boost)  
  117  11:59  Void Ray (Chrono Boost)  
  117  12:00  Stalker x3  
  117  12:01  Stalker  
  99  12:06  Probe  
  99  12:08  Probe  
  101  12:13  Robotics Facility  
  101  12:15  Robotics Facility  
  101  12:19  Gateway  
  101  12:20  Gateway  
  101  12:21  Probe  
  101  12:22  Gateway  
  101  12:23  Probe  
  101  12:26  Gateway  
  101  12:27  Gateway  
  101  12:28  Pylon  
  103  12:30  Photon Cannon  
  106  12:45  Void Ray (Chrono Boost)  
  103  12:51  Stalker x4  
  111  13:06  Pylon  
  111  13:08  Pylon  
  111  13:32  Twilight Council  
  111  13:33  Stalker x5  
  111  13:34  Stalker x2  
  125  14:02  Adept x7  
  137  14:03  Adept x2  
  137  14:07  Immortal x2  
  151  14:13  Robotics Bay  
  151  14:23  Adept x2  
  155  14:45  Adept  
  155  14:46  Adept x3  
  155  14:51  Pylon  
  163  14:53  Pylon  
Tags
 
Add a new tag
Caveats
  • Supply blocks, unpowered buildings, or Contaminate may cause inaccurate times.
  • Supply counts are checked every 10 seconds.